 Dungeon Crawl Stone Soup version 0.28.0 (webtiles) character file.

Game seed: 7914125601553173422

2179 freelancePsychic the Skirmisher (level 9, -1/68 HPs)
             Began as a Djinni Cinder Acolyte on Feb 5, 2022.
             Was a Priest of Ignis.
             Slain by a wyvern (5 damage)
             ... on level 8 of the Dungeon.
             The game lasted 00:12:25 (8685 turns).

freelancePsychic the Skirmisher (DjCA)              Turns: 8685, Time: 00:12:27

Health: -1/68      AC:  7    Str: 13    XL:     9   Next: 58%
Gold:   303        EV: 11    Int: 19    God:    Ignis [***...] SH:  0 Dex: 10

rFire   + + +      SeeInvis .   n - +2 rapier (vamp)
rCold   x . .      Faith    .   (no shield)
rNeg    . . .      Spirit   .   b - +1 robe
rPois   ∞          Reflect  .   s - +1 hat
rElec   .          Harm     .   (no cloak)
rCorr   .          Rampage  .   z - +2 pair of gloves
Will    .....                   (boots unavailable)
Stlth   +++.......              (no amulet)
HPRegen 0.21/turn               (no ring)
MPRegen 0.00/turn               (no ring)

@: flying
A: sickness immunity, fire resistance 2, cold vulnerability 1, float, innate
caster, HP casting, extra vitality 1
a: Renounce Religion, Fiery Armour, Foxfire Swarm, Rising Flame


You were on level 8 of the Dungeon.
You worshipped Ignis.
Ignis was most pleased with you.
You visited 1 branch of the dungeon, and saw 8 of its levels.
You also visited: Ossuary.

You collected 381 gold pieces.
You spent 78 gold pieces at shops.

Inventory:

Hand Weapons
 a - a -1 vorpal short sword
 k - a +3 dagger of venom
 n - a +2 vampiric rapier (weapon)
Armour
 b - a +1 robe (worn)
 f - a +0 pair of gloves
 o - a +0 tower shield
 s - a +1 hat (worn)
 z - a +2 pair of gloves (worn)
Jewellery
 t - a ring of protection from fire
 B - a ring of fire
Wands
 p - a wand of polymorph (17)
 w - a wand of iceblast (12)
 x - a wand of mindburst (13)
 A - a wand of acid (6)
Scrolls
 h - 3 scrolls of teleportation {@r4}
 i - a scroll of vulnerability
 j - a scroll of enchant armour
 y - a scroll of identify {@r1}
Potions
 c - a potion of magic {unknown}
 d - a potion of degeneration {unknown}
 e - 2 potions of might {unknown}
 g - 2 potions of lignification {unknown}
 l - a potion of heal wounds {unknown}
 m - a potion of haste {unknown}
 q - 2 potions of resistance {unknown}
 r - a potion of ambrosia {unknown}
 u - a potion of cancellation {unknown}
 v - a potion of curing {unknown}


   Skills:
 + Level 7.3 Fighting
 - Level 2.6 Short Blades
 + Level 5.9 Stealth
 + Level 6.2 Spellcasting


You had 9 spell levels left.
You knew the following spells:

 Your Spells              Type           Power      Damage    Failure   Level
a - Animate Skeleton      Necr           58%        N/A       1%          1
b - Scorch                Fire           58%        2d7       1%          2
c - Wereblood             Tmut           29%        N/A       1%          2
d - Confusing Touch       Hex            29%        N/A       2%          3
e - Portal Projectile     Hex/Tloc       58%        N/A       2%          3
Your spell library was empty.

Dungeon Overview and Level Annotations

Branches:
Dungeon (8/15)             Temple (0/1) D:7         Ossuary (visited)
   Lair: D:8-11

Altars:
Elyvilon
Hepliaklqana
Kikubaaqudgha
Ru

Shops:
D:1 :   D:6 *


Innate Abilities, Weirdness & Mutations

You are immune to sickness and miasma.
You are immune to poison.
Your flesh is very heat resistant. (rF++)
You are vulnerable to cold. (rC-)
You float through the air rather than walking.
You learn spells naturally, not from books.
Your magical power is your life essence.
You have superior vitality. (+4 MHP)


Message History

The orc hits you but does no damage.
You hit the orc.
The orc is almost dead.
The orc hits you with a +0 mace.
You closely miss the orc.
The orc is almost dead.
The orc misses you. The wyvern bites you.
Casting: Scorch (safe; 1% risk of failure)
Confirm with . or Enter, or press ? or * to list all spells.
Flames lash the wyvern.
The wyvern is lightly wounded.
The wyvern's fire resistance burns away.
The wyvern barely misses you. The orc barely misses you.
The wyvern barely misses you.
Casting: Scorch (safe; 1% risk of failure)
Confirm with . or Enter, or press ? or * to list all spells.
Flames lash the orc.
You kill the orc!
The wyvern closely misses you.
You hit the wyvern.
You feel better.
The wyvern is lightly wounded.
The wyvern is no longer more vulnerable to fire.
The wyvern bites you!!
* * * LOW HITPOINT WARNING * * *
The wyvern bites you.
* * * LOW HITPOINT WARNING * * *
Casting: Scorch (safe; 1% risk of failure)
Confirm with . or Enter, or press ? or * to list all spells.
Flames lash the wyvern but do no damage.
* * * LOW HITPOINT WARNING * * *
The wyvern misses you.
Okay, then.
Activating: Foxfire Swarm
Press: ? - help, Dir - look around, f - activate Flames leap up around you!
You are no longer corroded.
The wyvern bites you.
* * * LOW HITPOINT WARNING * * *
The wyvern bites you.
You die...

## ..
#v#+###########
#vv@vv........#
##lvvv........#
#vvvv........#
############.#
#.# #.## ##..##
###....###
#........##


You could see a wyvern (ally target).

Vanquished Creatures
  An acid dragon (D:8)
  Duvessa (D:5)
  3 black bears
  A necrophage (D:7)
  A sky beast (D:6)
  3 ogres
  A kobold brigand (D:8)
  A scorpion (D:7)
  A water moccasin zombie (D:5)
  Dowan (D:5)
  2 water moccasin skeletons
  4 wights (D:8)
  A howler monkey (D:7)
  A bullfrog zombie (D:6)
  4 jellies
  A hound (D:4)
  An orc priest (D:3)
  A centaur skeleton (D:7)
  Jessica (D:3)
  A gnoll shaman (D:5)
  An iguana (D:5)
  4 orc wizards
  A killer bee zombie (D:8)
  2 mummies (D:7)
  9 gnolls
  A howler monkey zombie (D:8)
  6 adders
  A shadow imp (D:5)
  4 worms
  A dart slug (D:1)
  20 orcs
  8 ball pythons
  3 endoplasms
  2 giant cockroaches
  A gnoll zombie (Ossuary)
  7 goblins
  8 hobgoblins
  2 jackals (D:1)
  6 bats
  5 frilled lizards
  A goblin zombie (D:7)
  2 hobgoblin zombies (Ossuary)
  11 kobolds
  2 kobold zombies (Ossuary)
  5 rats
144 creatures vanquished.

Vanquished Creatures (others)
  59 foxfires
  3 plants (D:8)
62 creatures vanquished.

Grand Total: 206 creatures vanquished

Notes
Turn   | Place    | Note
-------+----------+-------------------------------------------
     0 | D:1      | freelancePsychic the Djinni Cinder Acolyte began the quest
                  | for the Orb.
     0 | D:1      | Reached XP level 1. HP: 20/20 MP: 0/0
   418 | D:1      | Reached XP level 2. HP: 21/25 MP: 0/0
   833 | D:1      | Found Wuotzoyx's Book Boutique.
   846 | D:1      | Reached XP level 3. HP: 14/30 MP: 0/0
   846 | D:1      | Learned a level 1 spell: Animate Skeleton
  1130 | D:1      | Found a faded altar of an unknown god.
  1547 | D:2      | Reached skill level 1 in Stealth
  2923 | D:3      | Reached XP level 4. HP: 31/35 MP: 0/0
  3556 | D:3      | Noticed Jessica
  3558 | D:3      | Killed Jessica
  3559 | D:3      | Reached XP level 5. HP: 39/41 MP: 0/0
  3559 | D:3      | Learned a level 2 spell: Wereblood
  3559 | D:3      | Found a hazy altar of Hepliaklqana.
  3566 | D:3      | Noticed a black bear
  3570 | D:3      | Found a white marble altar of Elyvilon.
  3577 | D:3      | Killed a black bear
  3578 | D:3      | Reached skill level 4 in Fighting
  3578 | D:3      | Reached XP level 6. HP: 34/47 MP: 0/0
  4039 | D:4      | Noticed a black bear
  4047 | D:4      | Killed a black bear
  4299 | D:4      | Reached XP level 7. HP: 49/53 MP: 0/0
  4299 | D:4      | Learned a level 3 spell: Confusing Touch
  4671 | D:5      | Entered Level 5 of the Dungeon
  4784 | D:5      | Noticed Duvessa
  4784 | D:5      | Noticed Dowan
  4925 | D:5      | Killed Duvessa
  5030 | D:5      | Killed Dowan
  5031 | D:5      | Reached skill level 5 in Fighting
  5137 | D:5      | Reached XP level 8. HP: 52/59 MP: 0/0
  5281 | D:5      | Reached skill level 5 in Spellcasting
  5313 | D:5      | Noticed a yak
  5681 | D:5      | Noticed a yak
  5683 | D:5      | Noticed a yak
  6601 | D:6      | Found Akexin's Assorted Antiques.
  6644 | D:6      | Bought a scroll of teleportation for 78 gold pieces
  6883 | D:6      | Identified the +3 quarterstaff "Ycuro" {antimagic, Str+7}
  6901 | D:6      | Reached skill level 6 in Fighting
  7315 | D:7      | Found a sand-covered staircase.
  7368 | Ossuary  | Entered an ossuary
  7721 | D:7      | Reached skill level 5 in Stealth
  7721 | D:7      | Reached XP level 9. HP: 61/67 MP: 0/0
  7721 | D:7      | Learned a level 3 spell: Portal Projectile
  8130 | D:7      | Found a staircase to the Ecumenical Temple.
  8341 | D:8      | Reached skill level 7 in Fighting
  8457 | D:8      | Found a sacrificial altar of Ru.
  8685 | D:8      | Slain by a wyvern

Illustrated notes

Levels and vault maps discovered:
D:1:      dpeg_arrival_concentric_ovals, layout_basic,
          dreamdust_ecumenical_altar_hidden_monk_grotto, serial_shops, shop,
          roderic_lattice_a, chequers_serial_rivers_micro_a
D:2:      minmay_evil_eye, layout_basic
D:3:      layout_loops_ring, jmf_multi_god_temple,
          nicolae_kikubaaqudgha_miasma_corner, item_on_display_a, uniq_jessica
D:4:      layout_gridville
D:5:      layout_cave_pools, minmay_fractal_squares_gapless_5, uniq_duvessa
D:6:      layout_basic, serial_shops, shop, minmay_microvault
D:7:      layout_cave_pools, minmay_temple_entry_glassed_door, enter_ossuary_3
D:8:      layout_basic, kennysheep_mini_moat,
          mainiacjoe_overflow_large_starburst, serial_bayou,
          serial_bayou_pond_c, serial_bayou_shore_b, serial_bayou_lagoon_a,
          serial_bayou_ford_a, kennysheep_flooded_box, minmay_misc_feat_plants

Skill      XL: |  1  2  3  4  5  6  7  8  9 |
---------------+----------------------------+-----
Stealth        | 1 2 3 5 |  5.9
Spellcasting   | 3 4 5 6 |  6.2
Fighting       | 4 5 6 7 |  7.3
Short Blades   | |  2.6

Action                   |  1- 3 |  4- 6 |  7- 9 || total
-------------------------+-------+-------+-------++-------
Melee: Short sword       |    51 |       |       ||    51
       Dagger            |       |     1 |    27 ||    28
       Rapier            |       |       |    11 ||    11
 Cast: Scorch            |    33 |    36 |   171 ||   240
       Animate Skeleton  |     2 |       |       ||     2
Invok: Foxfire Swarm     |       |     2 |     2 ||     4
  Use: Scroll            |     4 |     3 |     4 ||    11
 Stab: Sleeping          |       |       |     1 ||     1
Armor: Robe              |    21 |     2 |    18 ||    41
Dodge: Dodged            |    57 |     6 |    60 ||   123
